AoeStats
← TVHG.- TheCuervo

African Clearing

510576233Analyzed
4v4 RM · 1d ago on Oct 1, 2026· 27m 30s· 8 players
Game mode
Random Map
Map size
Large (8 player)
Population
200
Speed
Normal
Resources
Standard
Victory
Conquest
Starting age
Dark Age
Ending age
Imperial Age
RankedLock teamsTeams togetherTeam positionsShared explorationLock speedFull tech treeHidden civsTurbo modeCheats
Victory
Defeat
🇵🇪 Khmer · Peru
1493
+11
🇦🇷 Dravidians · Argentina
1409
+15
🇦🇷 Mongols · Argentina
1373
+16
🇦🇷 Vietnamese · Argentina
1365
+17
🇨🇳 Danes · China
1454
-18
🇨🇳 Vietnamese · China
1410
-16
🇨🇳 Gurjaras · China
1350
-13
🇨🇳 Maya · China
1310
-12
800分天才玩家
13:20 Feudal Age
14:34 Double-Bit Axe
17:15 Castle Age
14:59 Horse Collar
16:58 Forging
20:31 Loom
YccClala
6:49 Loom
13:59 Feudal Age
17:42 Castle Age
16:31 Double-Bit Axe
18:43 Bow Saw
21:08 Fletching
22:39 Bodkin Arrow
24:07 Padded Archer Armor
25:54 Leather Archer Armor
車
10:03 Loom
11:21 Loom
14:13 Feudal Age
20:21 Castle Age
18:54 Double-Bit Axe
24:10 Forging
清风快来救我
7:32 Loom
13:47 Feudal Age
18:42 Castle Age
17:04 Double-Bit Axe
TVHG.llavero maldito
7:08 Loom
13:34 Feudal Age
14:52 Double-Bit Axe
17:14 Castle Age
18:22 Bow Saw
19:57 Scale Mail Armor
tvhG - - - Chena
5:47 Loom
12:05 Feudal Age
12:43 Double-Bit Axe
16:34 Forging
16:54 Scale Barding Armor
17:44 Wheelbarrow
23:00 Castle Age
21:55 Bloodlines
21:58 Gold Mining
21:53 Horse Collar
23:14 Fletching
23:06 Light Cavalry
23:47 Husbandry
24:55 Bow Saw
TVHG.Phraymus
11:25 Feudal Age
11:31 Loom
12:03 Double-Bit Axe
15:42 Forging
21:58 Castle Age
20:40 Scale Barding Armor
22:04 Light Cavalry
23:46 Chain Barding Armor
TVHG.- TheCuervo
6:04 Loom
14:16 Feudal Age
15:38 Feudal Age
16:37 Double-Bit Axe
16:48 Gold Mining
16:40 Horse Collar
17:08 Town Watch
19:53 Castle Age
18:26 Fletching
18:36 Padded Archer Armor
19:06 Padded Archer Armor
20:32 Bodkin Arrow
20:44 Loom
Connection lost

Rejoining the realm…

Still unreachable

The connection could not be restored.

Session expired

The server has moved on; the page needs a fresh start.